 Dungeon Crawl Stone Soup version 0.24-a0-459-g225fefd (webtiles) character file.

Game seed: 7595730330263399092

7 RagdollRavenno the Stinger (level 2, -1/17 HPs)
             Began as an Octopode Venom Mage on June 28, 2019.
             Slain by a jackal (3 damage)
             ... on level 1 of the Dungeon.
             The game lasted 00:00:45 (695 turns).

RagdollRavenno the Stinger (Octopode Venom Mage)     Turns: 695, Time: 00:00:45

Health: -1/17      AC:  1    Str:  7    XL:     2   Next: 4%
Magic:  5/5        EV: 13    Int: 17    God:
Gold:   38         SH:  0    Dex: 12    Spells: 4/5 levels left

rFire    . . .     SeeInvis .   a - +0 mace
rCold    . . .     Gourm    .   (no shield)
rNeg     . . .     Faith    .   (helmet restricted)
rPois    .         Spirit   .   (no amulet)
rElec    .         Reflect  .   (no ring)
rCorr    .         Harm     .   (no ring)
MR       .....                  (no ring)
Stlth    +++.......             (no ring)
HPRegen  0.05/turn              (no ring)
MPRegen  0.09/turn              (no ring)
                                (no ring)
                                (no ring)

@: no status effects
A: almost no armour, stealthy swim, amphibious, 8 rings, constrict 8, camouflage
1, gelatinous body 1
a: no special abilities


You were on level 1 of the Dungeon.
You were not hungry.

You visited 1 branch of the dungeon, and saw 1 of its levels.

You collected 38 gold pieces.

Inventory:

Hand Weapons
 a - a +0 mace (weapon)
Scrolls
 c - a scroll of amnesia {unknown}
 d - a scroll of identify {unknown}
 i - 2 scrolls of blinking {unknown}
Potions
 e - a potion of heal wounds {unknown}
 g - a potion of curing {unknown}
 h - a potion of ambrosia {unknown}
Comestibles
 b - 2 rations
 f - 4 chunks of flesh


   Skills:
 * Level 0.1 Fighting
 * Level 2.0 Dodging
 + Level 2.7 Stealth
 * Level 2.2 Spellcasting
 * Level 1.1 Conjurations
 + Level 3.8 Poison Magic


You had 4 spell levels left.
You knew the following spells:

 Your Spells              Type           Power        Failure   Level  Hunger
a - Sting                 Conj/Pois      ##..         7%          1    #......

Your spell library contained the following spells:

 Spells                   Type           Power        Failure   Level  Hunger
 Poisonous Vapours        Pois/Air       #.....       13%         2    ###....
 Mephitic Cloud           Conj/Pois/Air  #.......     28%         3    ###....
 Olgreb's Toxic Radiance  Pois           ##......     36%         4    #####..
 Venom Bolt               Conj/Pois      ##........   88%         5    ######.


Dungeon Overview and Level Annotations

Branches:
Dungeon (1/15)

Altars:


Innate Abilities, Weirdness & Mutations

You cannot wear most types of armour.
You are very stealthy in the water. (Stealth+)
You are amphibious.
You can wear up to eight rings at the same time.
You can use your tentacles to constrict eight enemies at once.
Your skin changes colour to match your surroundings (Stealth+).
Your rubbery body absorbs attacks. (AC +1, EV +1)


Message History

Found 4 gold pieces.
The jackal bites you.
You hit the jackal. Your grab misses the jackal.
The jackal is almost dead.
The jackal closely misses you. The jackal bites you.
You barely miss the jackal. Your grab misses the jackal.
The jackal is almost dead.
The jackal misses you.
The jackal bites you but does no damage.
The jackal barely misses you. x2; The jackal bites you. x2
You barely miss the jackal. You grab the jackal.
The jackal is almost dead.
You constrict the jackal, but do no damage.
The jackal closely misses you. The jackal bites you. x2
The jackal closely misses you. The jackal misses you. The jackal bites you.
* * * LOW HITPOINT WARNING * * *
The jackal bites you.
* * * LOW HITPOINT WARNING * * *
You release your grip on the jackal.
The jackal bites you.
You die...

#.# . #.#
# #.# ...
#.# ..#
#.# ...#
#.# ...#
#.#..$.#
##.#....##
#@h.......
#hh.^.....
#.h..#####
#.!..#
#.....#
#......#
#..[...#
#......#
#......#


You could see 4 jackals.

Vanquished Creatures
  2 giant cockroaches (D:1)
  2 hobgoblins (D:1)
  A bat (D:1)
  A frilled lizard (D:1)
  A kobold (D:1)
7 creatures vanquished.

Notes
Turn   | Place    | Note
-------+----------+-------------------------------------------
     0 | D:1      | RagdollRavenno the Octopode Venom Mage began the quest for
                  | the Orb.
     0 | D:1      | Reached XP level 1. HP: 11/11 MP: 3/3
   567 | D:1      | Reached XP level 2. HP: 17/17 MP: 5/5
   695 | D:1      | Slain by a jackal

Levels and vault maps discovered:
D:1:      eino_arrival_druids_welcome, layout_basic

Action                   || total
-------------------------++-------
Melee: Mace              ||    21
       Constrict         ||     6
       Tentacles         ||     2
 Stab: Sleeping          ||     2
Armor: Skin              ||     1
Dodge: Dodged            ||    15

Table legend:
 A = Non-vault XP
 B = Vault XP
 C = Vault XP percentage of total XP
 D = Non-vault monster count
 E = Vault monster count
 F = Vault count percentage of total count
                 A         B        C        D         E       F
            +---------+---------+-------+---------+---------+-------
      Total |      11 |       0 |   0.0 |       7 |       0 |   0.0
            +---------+---------+-------+---------+---------+-------
        D:1 |      11 |       0 |   0.0 |       7 |       0 |   0.0
            +---------+---------+-------+---------+---------+-------
